 Dungeon Crawl Stone Soup version 0.28.0-43-g3370ac3207 (webtiles) character file.

Game seed: 18321044623711151498

362 pkoi the Conjurer (level 6, 0/35 HPs)
             Began as a Deep Elf Conjurer on Mar 29, 2022.
             Slain by Grinder (4 damage)
             ... on level 4 of the Dungeon.
             The game lasted 00:04:33 (4106 turns).

pkoi the Conjurer (Deep Elf Conjurer)               Turns: 4106, Time: 00:04:34

Health: 0/35       AC:  2    Str:  4    XL:     6   Next: 39%
Magic:  6/12       EV: 14    Int: 25    God:
Gold:   156        SH:  0    Dex: 19    Spells: 4/11 levels left

rFire   . . .      SeeInvis .   u - +0 dagger (protect)
rCold   . . .      Faith    .   (no shield)
rNeg    . . .      Spirit   .   a - +0 robe
rPois   .          Reflect  .   (no helmet)
rElec   .          Harm     .   (no cloak)
rCorr   .          Rampage  .   (no gloves)
Will    .....                   (no boots)
Stlth   ++........              n - amulet of magic regeneration
HPRegen 0.11/turn               e - +6 ring of dexterity
MPRegen 0.53/turn               (no ring)

@: no status effects
A: no striking features
a: no special abilities


You were on level 4 of the Dungeon.
You visited 1 branch of the dungeon, and saw 4 of its levels.

You collected 156 gold pieces.

Inventory:

Hand Weapons
 d - a +0 dagger
 u - a +0 dagger of protection (weapon)
Missiles
 o - 8 poisoned darts
Armour
 a - a +0 robe (worn)
Jewellery
 c - an amulet of reflection
 e - a +6 ring of dexterity (left hand)
 n - an amulet of magic regeneration (around neck)
Wands
 k - a wand of iceblast (4)
Scrolls
 g - a scroll of summoning {unknown}
 h - 2 scrolls of immolation {unknown}
 i - 5 scrolls of identify
 l - a scroll of amnesia {unknown}
 p - 2 scrolls of vulnerability {unknown}
 r - a scroll of enchant weapon {unknown}
 t - a scroll of teleportation {unknown}
Potions
 b - a potion of attraction {unknown}
 f - 3 potions of flight {unknown}
 j - a potion of haste {unknown}
 m - 2 potions of resistance {unknown}
 q - a potion of degeneration {unknown}
 s - a potion of heal wounds {unknown}


   Skills:
 + Level 2.2 Fighting
 + Level 4.3 Dodging
 - Level 2.4 Stealth
 - Level 3.0 Spellcasting
 * Level 6.5 Conjurations
 + Level 2.1 Translocations


You had 4 spell levels left.
You knew the following spells:

 Your Spells              Type           Power      Damage    Failure   Level
a - Magic Dart            Conj           100%       1d8       1%          1
b - Searing Ray           Conj           72%        2d7       1%          2
c - Iskenderun's Mystic   Conj/Tloc      25%        2d7       17%         4

Your spell library contained the following spells:

 Spells                   Type           Power      Damage    Failure   Level
 Dazzling Flash           Conj/Hex       40%        N/A       8%          3
 Beastly Appendage        Tmut           6%         N/A       10%         1
 Mephitic Cloud           Conj/Pois/Air  14%        N/A       12%         3
 Wereblood                Tmut           3%         N/A       16%         2
 Fulminant Prism          Conj/Hex       10%        3d9       26%         4
 Ignite Poison            Fire/Tmut/Pois 3%         N/A       30%         3
 Spider Form              Tmut/Pois      3%         N/A       30%         3
 Freezing Cloud           Conj/Ice/Air   7%         6-21      75%         5


Dungeon Overview and Level Annotations

Branches:
Dungeon (4/15)
 Temple: D:4-7

Altars:
Ashenzari

Annotations:
D:4 Eustachio, Grinder


Message History

Press: ? - help, Shift-Dir - straight line, f - Grinder
Aim: Grinder (78% to hit)
The searing ray hits Grinder.
Grinder is lightly wounded. (Press . to maintain the ray.) Unknown command.
The searing ray hits Grinder.
Grinder is moderately wounded.
The searing ray hits Grinder!
Grinder is heavily wounded.
Grinder hits you.
You writhe in agony.
The searing ray hits Grinder.
Grinder is heavily wounded.
You finish channelling your searing ray.
Grinder hits you.
* * * LOW HITPOINT WARNING * * *
You writhe in agony.
* * * LOW HITPOINT WARNING * * *
Casting: Searing Ray (safe; 1% risk of failure)
Confirm with . or Enter, or press ? or * to list all spells.
Aiming: Searing Ray (safe; 1% risk of failure)
Press: ? - help, Shift-Dir - straight line, f/p - Grinder
Aim: Grinder (heavily wounded, 78% to hit)
The searing ray hits Grinder.
Grinder is severely wounded. (Press . to maintain the ray.) Grinder hits you.
* * * LOW HITPOINT WARNING * * *
You writhe in agony.
* * * LOW HITPOINT WARNING * * *
The searing ray hits Grinder!
Grinder is almost dead.
Grinder hits you!
* * * LOW HITPOINT WARNING * * *
The searing ray hits Grinder.
Grinder is almost dead.
Grinder hits you.
* * * LOW HITPOINT WARNING * * *
You writhe in agony.
You die...

##.# #.....# ..##.....#
#.##.##### #.##.# #.##.#
#.##.# #..#.# #5...#
#@...#### #######
#.......# ......###
####.......# ........###
#......>...# ..#####...#
#..........# ...###....#
#..........#
#...#...#.###..........#
##....)##...'.......####
###)..###.###.......#


You could see Grinder.

Vanquished Creatures
  Duvessa (D:4)
  Blork the orc (D:4)
  Dowan (D:4)
  A hound skeleton (D:4)
  3 adders
  A gnoll (D:1)
  3 worms
  4 dart slugs
  2 orcs
  3 bats
  10 endoplasms
  A giant cockroach (D:4)
  11 goblins
  4 hobgoblins
  5 jackals
  A quokka (D:2)
  5 ball pythons
  4 frilled lizards
  3 kobolds
  6 rats
70 creatures vanquished.

Notes
Turn   | Place    | Note
-------+----------+-------------------------------------------
     0 | D:1      | pkoi the Deep Elf Conjurer began the quest for the Orb.
     0 | D:1      | Reached XP level 1. HP: 10/10 MP: 6/6
   254 | D:1      | Reached XP level 2. HP: 16/16 MP: 4/8
  1021 | D:1      | Reached skill level 5 in Conjurations
  1021 | D:1      | Reached XP level 3. HP: 16/20 MP: 2/9
  1202 | D:1      | Learned a level 2 spell: Searing Ray
  1325 | D:2      | Reached skill level 1 in Fighting
  2123 | D:2      | Reached XP level 4. HP: 25/25 MP: 8/10
  2469 | D:3      | Found a broken altar of Ashenzari.
  3104 | D:4      | Learned a level 4 spell: Iskenderun's Mystic Blast
  3106 | D:4      | Noticed an ogre
  3110 | D:4      | Noticed Eustachio
  3244 | D:4      | Noticed Grinder
  3387 | D:4      | Noticed Blork the orc
  3398 | D:4      | Reached XP level 5. HP: 10/29 MP: 8/11
  3400 | D:4      | Killed Blork the orc
  3401 | D:4      | Reached skill level 6 in Conjurations
  3401 | D:4      | Reached skill level 1 in Translocations
  3619 | D:4      | Noticed Duvessa
  3623 | D:4      | Noticed Dowan
  3629 | D:4      | Killed Duvessa
  3630 | D:4      | Reached XP level 6. HP: 20/35 MP: 6/12
  3643 | D:4      | Killed Dowan
  4106 | D:4      | Slain by Grinder

Illustrated notes

Levels and vault maps discovered:
D:1:      dpeg_arrival_rooms_c, layout_basic, minmay_vboxes
D:2:      layout_rooms, minmay_misc_feat_alley, minmay_tripent
D:3:      minmay_spotlight, layout_rooms, mainiacjoe_overflow_alcove_4,
          minmay_misc_feat_iff, minmay_distorted
D:4:      layout_basic, minmay_circle_x, uniq_eustachio, uniq_blork_the_orc,
          uniq_duvessa, uniq_grinder

Skill      XL: |  1  2  3  4  5  6 |
---------------+-------------------+-----
Dodging        | 3 4 |  4.3
Conjurations   | 5 6 |  6.5
Fighting       | 1 2 |  2.2
Translocations | 1 2 |  2.1
Stealth        | |  2.4
Spellcasting   | |  3.0

Action                   |  1- 3 |  4- 6 || total
-------------------------+-------+-------++-------
Melee: Dagger            |     4 |       ||     4
 Cast: Magic Dart        |    80 |    73 ||   153
       Searing Ray       |       |     7 ||     7
Evoke: Wand              |       |     1 ||     1
  Use: Scroll            |     1 |       ||     1
Armor: Robe              |     2 |     2 ||     4
Dodge: Dodged            |    12 |    21 ||    33
Block: Other             |     2 |       ||     2
